 Dungeon Crawl Stone Soup version 0.27.0-1-g7a089689b8 (webtiles) character file.

Game seed: 2174300529173748415

13216 MirrMurr the Basher (level 11, 0/130 HPs)
             Began as a Demonspawn Berserker on Aug 1, 2021.
             Was an Elder of Trog.
             Succumbed to a tengu reaver's bolt of poison
             ... on level 11 of the Dungeon.
             The game lasted 00:25:45 (13953 turns).

MirrMurr the Basher (Demonspawn Berserker)         Turns: 13953, Time: 00:25:45

Health: 0/130      AC: 28    Str: 20    XL:     11   Next: 72%
Magic:  20/20      EV: 12    Int:  9    God:    Trog [****..]
Gold:   909        SH: 10    Dex: 17    Spells: 10/10 levels left

rFire    . . .     SeeInvis +   a - +8 whip of the Eternal Void {vorpal, rPois MP+9}
rCold    . . .     Faith    +   F - +0 kite shield
rNeg     . . .     Spirit   .   z - +9 scale mail of the Devil {Dex+4}
rPois    +         Reflect  .   e - +1 helmet
rElec    .         Harm     .   (no cloak)
rCorr    .         Rampage  .   s - +2 pair of gloves
Will     .....                  (no boots)
Stlth    ..........             L - amulet of faith
HPRegen  0.31/turn              t - +4 ring of protection
MPRegen  0.17/turn              y - ring of see invisible

@: mighty, berserking (expiring), lethally poisoned (0 -> -7), very quick
A: talons 2, molten scales 1, powered by death 1, powered by pain 1
a: Renounce Religion, Berserk, Trog's Hand, Brothers in Arms


You were on level 11 of the Dungeon.
You worshipped Trog.
Trog was greatly pleased with you.
You visited 2 branches of the dungeon, and saw 12 of its levels.

You collected 909 gold pieces.

Inventory:

Hand Weapons
 a - the +8 whip of the Eternal Void (weapon) {vorpal, rPois MP+9}
   (You took it off a goblin on level 4 of the Dungeon)

   It inflicts extra damage upon your enemies.
   rPois:     It protects you from poison.
   MP:        It affects your magic capacity (+9).
 m - a +1 spear
Missiles
 f - 40 poisoned darts
 g - 200 stones (quivered)
 h - 63 sling bullets
 r - 2 throwing nets
 w - 5 boomerangs
Armour
 e - a +1 helmet (worn)
 s - a +2 pair of gloves (worn)
 z - the +9 scale mail of the Devil (worn) {Dex+4}
   (You found it on level 11 of the Dungeon)

   Dex:       It affects your dexterity (+4).
 F - a +0 kite shield (worn)
Jewellery
 j - an amulet of guardian spirit
 t - a +4 ring of protection (left hand)
 v - a ring of flight
 y - a ring of see invisible (right hand)
 L - an amulet of faith (around neck)
Wands
 d - a wand of iceblast (25)
 p - a wand of mindburst (9)
 q - a wand of charming (7)
 B - a wand of paralysis (7)
 D - a wand of flame (14)
 H - a wand of polymorph (8)
Scrolls
 i - 2 scrolls of identify
 o - a scroll of summoning
 u - 2 scrolls of enchant weapon
 A - 3 scrolls of silence
 E - 2 scrolls of magic mapping
 G - 2 scrolls of fog
Potions
 b - 3 potions of ambrosia
 c - 5 potions of curing
 k - 5 potions of heal wounds
 l - a potion of might
 n - a potion of mutation
 x - a potion of flight {unknown}
 C - a potion of berserk rage
 I - 2 potions of haste {unknown}
 K - a potion of degeneration {unknown}


   Skills:
 + Level 8.8 Fighting
 * Level 9.9 Maces & Flails
 - Level 4.8 Polearms
 + Level 7.8 Armour
 + Level 7.9 Dodging
 + Level 4.0 Shields


You had 10 spell levels left.
You didn't know any spells.
Your spell library was empty.

Dungeon Overview and Level Annotations

Branches:
Dungeon (11/15)            Temple (1/1) D:4            Lair (0/6) D:8
    Orc (0/2) D:11

Altars:
Dithmenos
Fedhas
Kikubaaqudgha
Okawaru
Qazlal
Trog
Uskayaw

Shops:
D:4 [   D:11 (

Annotations:
D:5 dig, 3 runed translucent doors, Cral's ghost, weakling DsDe; cada's ghost, amateur DgFi


Innate Abilities, Weirdness & Mutations

You have razor-sharp toenails.
You are partially covered in molten scales. (AC +2)
You regenerate a little health from kills.
You sometimes gain a little power by taking damage.


Message History

You feel very mighty all of a sudden.
The tengu reaver pecks you but does no damage.
The tengu reaver closely misses you.
You hit the tengu reaver but do no damage.
The tengu reaver is almost dead.
You feel very sick.
You whack the tengu reaver!
The tengu reaver is almost dead.
You feel sick. The tengu reaver barely misses you.
The tengu reaver pecks you but does no damage.
The tengu reaver claws you but does no damage.
Your scale mail of the Devil prevents you from hitting the tengu reaver.
You claw the tengu reaver.
You kill the tengu reaver!
Trog accepts your kill.
Trog appreciates your killing of a magic user.
You feel sick.
Your Shields skill increases to level 4!
You hit the frost giant but do no damage.
You claw the frost giant, but do no damage.
You feel sick.
The frost giant hits you with a +0 battleaxe of freezing!!
* * * LOW HITPOINT WARNING * * *
The frost giant freezes you.
* * * LOW HITPOINT WARNING * * *
You whack the frost giant!
The frost giant is lightly wounded.
* * * LOW HITPOINT WARNING * * *
You feel sick.
Unknown command.
You whack the frost giant! You claw the frost giant.
The frost giant is moderately wounded.
* * * LOW HITPOINT WARNING * * *
You feel sick.
The frost giant gestures at you while chanting.
The bolt of cold misses you.
Unknown command.
You hit the frost giant.
The frost giant is moderately wounded.
You die...

##########
#........#
#........#
#......@.#
####...####C#
#######..#...# ..#
...[.....#...# ...#
###......#...#||###
..#......'...#|"
..#......########
..#.............##
..#..............#


You could see a frost giant.

Vanquished Creatures
  A tengu reaver (D:11)
  Josephine (D:10)
  A boulder beetle (D:11)
  2 two-headed ogres
  An ugly thing (D:11)
  2 kobold demonologists (D:7)
  2 trolls (D:10)
  A vampire (D:9)
  A wyvern (D:8)
  6 yaks (D:9)
  6 wraiths
  6 vampire mosquitoes
  A steam dragon (D:7)
  2 wargs
  3 water moccasins
  3 orc warriors
  An ice beast (D:5)
  2 sky beasts
  5 ogres
  10 centaurs
  3 phantoms
  2 kobold brigands (D:8)
  2 bullfrogs
  A wyvern zombie (D:7)
  A gnoll sergeant (D:7)
  9 killer bees
  6 wights
  2 electric eels (D:10)
  6 howler monkeys
  A bullfrog zombie (D:6)
  3 centaur zombies
  A gnoll shaman (D:7)
  2 hounds
  6 orc priests
  A jelly (D:6)
  4 iguanas
  5 orc wizards
  A howler monkey zombie (D:9)
  6 adders
  3 gnolls (D:7)
  2 white imps (D:7)
  An adder skeleton (D:4)
  2 worms
  4 dart slugs
  15 orcs
  6 endoplasms
  4 giant cockroaches
  10 goblins
  A hobgoblin (D:1)
  6 jackals
  4 quokkas
  6 ball pythons
  2 bats
  2 frilled lizards
  10 kobolds
  2 rats
199 creatures vanquished.

Vanquished Creatures (others)
  An ogre mage (D:11)
  8 withered plants
9 creatures vanquished.

Grand Total: 208 creatures vanquished

Notes
Turn   | Place    | Note
-------+----------+-------------------------------------------
     0 | D:1      | MirrMurr the Demonspawn Berserker began the quest for the
                  | Orb.
     0 | D:1      | Reached XP level 1. HP: 18/18 MP: 1/1
     3 | D:1      | Noticed an electric eel
     4 | D:1      | Noticed an electric eel
   225 | D:1      | Gained mutation: You regenerate a little health from kills.
                  | [demonic ancestry]
   225 | D:1      | Reached XP level 2. HP: 11/24 MP: 2/2
  1114 | D:2      | Gained mutation: You have sharp toenails. [demonic
                  | ancestry]
  1114 | D:2      | Reached XP level 3. HP: 20/29 MP: 3/3
  1964 | D:3      | Reached ** piety under Trog
  2139 | D:3      | Reached XP level 4. HP: 27/35 MP: 4/4
  2491 | D:3      | Found a faded altar of an unknown god.
  3016 | D:4      | Noticed an ogre
  3033 | D:4      | Killed an ogre
  3034 | D:4      | Reached XP level 5. HP: 32/42 MP: 5/5
  3182 | D:4      | Noticed a phantom
  3193 | D:4      | Killed a phantom
  3194 | D:4      | Reached XP level 6. HP: 29/48 MP: 6/6
  3531 | D:4      | Found a staircase to the Ecumenical Temple.
  3542 | Temple   | Entered the Ecumenical Temple
  4044 | D:4      | Found Iniucwou's Antique Armour Emporium.
  4304 | D:4      | Identified the +8 whip of the Eternal Void {vorpal, rPois
                  | MP+9}
  4640 | D:5      | Entered Level 5 of the Dungeon
  4826 | D:5      | Noticed an ice beast
  4837 | D:5      | Killed an ice beast
  4838 | D:5      | Reached skill level 1 in Maces & Flails
  4838 | D:5      | Gained mutation: You sometimes gain a little power by
                  | taking damage. [demonic ancestry]
  4838 | D:5      | Reached XP level 7. HP: 49/55 MP: 7/7
  5055 | D:5      | Reached skill level 2 in Maces & Flails
  5424 | D:5      | Reached skill level 5 in Fighting
  5436 | D:5      | Found a bloodstained altar of Trog.
  5436 | D:5      | Found a stormy altar of Qazlal.
  5436 | D:5      | Found a shadowy altar of Dithmenos.
  5438 | D:5      | Found an iron altar of Okawaru.
  5521 | D:5      | Reached skill level 3 in Maces & Flails
  5529 | D:5      | Reached XP level 8. HP: 55/62 MP: 8/8
  5898 | D:5      | Found a runed translucent gate.
  5899 | D:5      | Found a runed translucent gate.
  5900 | D:5      | Found a runed translucent gate.
  5901 | D:5      | Noticed Cral's ghost (weakling DsDe)
  5902 | D:5      | Noticed cada's ghost (amateur DgFi)
  6343 | D:6      | Reached skill level 4 in Maces & Flails
  6406 | D:6      | Identified the +1 leather armour of Pantheism {rF+ rC++
                  | Will- rCorr}
  6825 | D:6      | Reached *** piety under Trog
  7299 | D:7      | Reached skill level 5 in Maces & Flails
  7504 | D:7      | Reached skill level 5 in Armour
  7504 | D:7      | Reached skill level 5 in Dodging
  7611 | D:7      | Gained mutation: You are partially covered in molten
                  | scales. (AC +2) [demonic ancestry]
  7611 | D:7      | Reached XP level 9. HP: 64/69 MP: 9/9
  8007 | D:7      | Found an ancient bone altar of Kikubaaqudgha.
  8152 | D:8      | Noticed a kobold demonologist
  8161 | D:7      | Killed a kobold demonologist
  8207 | D:8      | Noticed a kobold demonologist
  8209 | D:8      | Noticed an ice devil
  8214 | D:7      | Killed a kobold demonologist
  8215 | D:7      | Reached skill level 6 in Maces & Flails
  8612 | D:8      | You fall into a shaft and drop 1 floor!
  8622 | D:10     | Entered Level 10 of the Dungeon
  8641 | D:10     | Noticed a two-headed ogre
  8660 | D:10     | Killed a two-headed ogre
  8661 | D:10     | Reached skill level 7 in Maces & Flails
  8806 | D:10     | Noticed a troll
  8829 | D:10     | Killed a troll
  8830 | D:10     | Reached XP level 10. HP: 59/79 MP: 10/10
  9037 | D:8      | Found a staircase to the Lair.
  9464 | D:8      | Reached **** piety under Trog
 10145 | D:9      | Reached skill level 8 in Maces & Flails
 10161 | D:9      | Reached skill level 1 in Shields
 10258 | D:9      | Found a hide-covered altar of Uskayaw.
 11472 | D:10     | Noticed Josephine
 11524 | D:10     | Killed Josephine
 11525 | D:10     | Gained mutation: You have razor-sharp toenails. [demonic
                  | ancestry]
 11525 | D:10     | Reached XP level 11. HP: 86/86 MP: 11/11
 11556 | D:10     | Reached skill level 9 in Maces & Flails
 12851 | D:11     | Noticed a centaur warrior
 12851 | D:11     | Noticed a cyan ugly thing
 12851 | D:11     | Noticed a death knight
 12851 | D:11     | Noticed an ogre mage
 12864 | D:11     | Paralysed by an ogre mage for 5 turns
 12865 | D:11     | Killed an ogre mage
 13201 | D:11     | Killed a cyan ugly thing
 13268 | D:11     | Noticed a two-headed ogre
 13278 | D:11     | Killed a two-headed ogre
 13487 | D:11     | Found a staircase to the Orcish Mines.
 13494 | D:11     | Found Dujer's Weapon Emporium.
 13612 | D:11     | Identified the +9 scale mail of the Devil {Dex+4}
 13637 | D:11     | Noticed a boulder beetle
 13673 | D:11     | Killed a boulder beetle
 13870 | D:11     | Found a blossoming altar of Fedhas.
 13928 | D:11     | Noticed a tengu reaver
 13936 | D:11     | Noticed a frost giant
 13949 | D:11     | Killed a tengu reaver
 13950 | D:11     | HP: 5/130 [frost giant (19)]
 13951 | D:11     | HP: 2/130 [poisoned by a tengu reaver (bolt of poison)]
 13953 | D:11     | Succumbed to a tengu reaver's bolt of poison

Illustrated notes

Levels and vault maps discovered:
D:1:      arrival_aquarium_b, layout_basic
D:2:      layout_basic
D:3:      layout_basic, shapermc_ecumenical_altar_ellora, minmay_three_crescents
D:4:      minmay_door_path, layout_loops_corners,
          minmay_temple_entry_mini_moons, kennysheep_diamond
D:5:      layout_cave_pods, minitemple, gammafunk_ghost_cemetery,
          due_unseen_surprise
D:6:      layout_basic
D:7:      layout_basic, kiku_gazebo_garden_becter, st_stairs_7
D:8:      layout_cave_pools, erik_lair_orcish_takeover
D:9:      layout_long_grid, amcnicky_altar_gilded, nicolae_underground_beach
D:10:     layout_basic, minivault_5, uniq_josephine
D:11:     minmay_shrinking_squares, layout_irregular_city, orc_david_3,
          serial_column_ruins, column_ruins_open_small,
          column_ruins_columns_corner, column_ruins_grid_3, column_ruins_grid_1,
          minmay_misc_feat_x, fedhas_altar_1
Temple:   nicolae_temple_elliptical

Skill      XL: |  1  2  3  4  5  6  7  8  9 10 11 |
---------------+----------------------------------+-----
Armour         | 2 3 4 5 6 7 |  7.8
Dodging        | 2 3 4 5 6 7 |  7.9
Polearms       | 3 4 |  4.8
Fighting       | 4 5 6 7 8 |  8.8
Maces & Flails | 1 3 5 7 8 9 |  9.9
Shields        | 2 4 |  4.0

Action                   |  1- 3 |  4- 6 |  7- 9 | 10-12 || total
-------------------------+-------+-------+-------+-------++-------
Melee: Spear             |   138 |   128 |       |       ||   266
       Kick              |    13 |    36 |    62 |   118 ||   229
       Whip              |       |    16 |   219 |   359 ||   594
Throw: Stone             |       |    16 |    40 |    54 ||   110
       Dart              |       |       |     4 |     5 ||     9
Invok: Berserk           |     1 |     3 |     5 |     9 ||    18
       Trog's Hand       |       |       |       |     2 ||     2
  Use: Scroll            |     4 |     5 |     8 |     7 ||    24
 Stab: Sleeping          |     6 |     1 |       |       ||     7
Armor: Animal skin       |    21 |    10 |       |       ||    31
       Scale mail        |       |    17 |    59 |    18 ||    94
       Steam dragon scal |       |       |    34 |    85 ||   119
       Chain mail        |       |       |    33 |       ||    33
       Skin              |       |       |       |     4 ||     4
       Plate armour      |       |       |       |    78 ||    78
Dodge: Dodged            |    58 |    57 |   151 |   159 ||   425
Block: Buckler           |       |       |     3 |     7 ||    10
       Kite shield       |       |       |       |   136 ||   136
